 Dungeon Crawl Stone Soup version 0.30.0-29-ga12c61a403 (webtiles) character file.

Game seed: 8376102947290165550

1466 Ijustatesigmund the Stinger (level 8, -1/48 HPs)
             Began as an Octopode Venom Mage on June 19, 2023.
             Slain by a wraith (3 damage)
             ... on level 6 of the Dungeon.
             The game lasted 00:11:15 (6148 turns).

Ijustatesigmund the Stinger (Octopode Venom Mage)   Turns: 6148, Time: 00:11:16

Health: -1/48      AC:  1    Str:  7    XL:     8   Next: 77%
Magic:  15/15      EV: 13    Int: 19    God:
Gold:   327        SH:  5    Dex: 13    Spells: 7/17 levels left

rFire   . . .        r - +3 hand axe (freeze)
rCold   . . .        (no shield)
rNeg    . . .        (helmet restricted)
rPois   .            s - amulet of reflection
rElec   .            (no ring)
rCorr   .            (no ring)
SInv    .            (no ring)
Will    .....        (no ring)
Stlth   +++          (no ring)
HPRegen 0.28/turn    (no ring)
MPRegen 0.14/turn    (no ring)
                     (no ring)

%: reflection
@: slowed, very slow
A: almost no armour, amphibious, 8 rings, camouflage 1, gelatinous body 1,
(nimble swimmer 1), tentacles
a: no special abilities


You were on level 6 of the Dungeon.
You visited 1 branch of the dungeon, and saw 6 of its levels.

You collected 327 gold pieces.

Inventory:

Hand Weapons
 c - a +0 war axe
 d - a +1 heavy hand axe
 r - a +3 hand axe of freezing (weapon)
Missiles
 j - 3 curare-tipped darts (quivered)
 n - a throwing net
Jewellery
 s - an amulet of reflection (around mantle)
Wands
 i - a wand of charming (19)
 l - a wand of polymorph (16)
 p - a wand of acid (7)
Scrolls
 b - 5 scrolls of identify
 e - 3 scrolls of teleportation
 f - a scroll of poison {unknown}
 h - a scroll of amnesia
Potions
 a - a potion of magic
 k - a potion of curing
 m - a potion of flight
 o - 2 potions of mutation


   Skills:
 - Level 1.1 Fighting
 - Level 2.0 Dodging
 - Level 2.6 Stealth
 + Level 5.2 Spellcasting
 + Level 4.8 Conjurations
 - Level 1.0 Transmutations
 + Level 4.9 Air Magic
 + Level 7.3 Poison Magic


You had 7 spell levels left.
You knew the following spells:

 Your Spells              Type           Power      Damage    Failure   Level
a - Sting                 Tmut/Pois      80%        1d7       2%          1
b - Poisonous Vapours     Pois/Air       56%        N/A       1%          2
c - Mephitic Cloud        Conj/Pois/Air  26%        N/A       3%          3
d - Olgreb's Toxic Radia  Pois           32%        N/A       6%          4

Your spell library contained the following spells:

 Spells                   Type           Power      Damage    Failure   Level


Dungeon Overview and Level Annotations

Branches:
Dungeon (6/15)
 Temple: D:4-7

Altars:
Ashenzari

Annotations:
D:4 Dowan, Duvessa


Innate Abilities, Weirdness & Mutations

You cannot wear most types of armour.
You are amphibious.
You can wear up to eight rings at the same time.
Your skin changes colour to match your surroundings (Stealth+).
Your rubbery body absorbs attacks. (AC +1, EV +1)
((You are camouflaged when in or above water. (Stealth+)))
You have tentacles for arms and can constrict up to eight enemies at once.


Message History

The wraith hits you! The wraith drains your vigour!
You feel as though you will be slow longer.
You hit the wraith but do no damage. The wraith closely misses you.
The wraith barely misses you.
You hit the wraith. Your squeeze misses the wraith.
The wraith is lightly damaged.
The wraith closely misses you. The wraith hits you.
The wraith drains your vigour!
You feel as though you will be slow longer.
You closely miss the wraith.
The wraith is lightly damaged.
The wraith barely misses you. The wraith hits you!
The wraith drains your vigour!
You feel as though you will be slow longer.
You are confused.
You feel invigorated. The wraith hits you.
You barely miss the wraith.
You tentacle-slap the wraith, but do no damage.
You squeeze the wraith!
The wraith is moderately damaged.
The wraith completely misses you. The wraith hits you.
The wraith drains your vigour!
You feel as though you will be slow longer.
You bump into the rock wall.
You feel less invigorated.
You feel less confused. The wraith misses you. The wraith hits you!
The wraith drains your vigour!
You feel as though you will be slow longer.
You closely miss the wraith.
You squeeze the wraith, but do no damage.
The wraith is moderately damaged.
You block the wraith's attack. The wraith hits you!
* * * LOW HITPOINT WARNING * * *
You closely miss the wraith.
The wraith is moderately damaged.
The wraith hits you.
* * * LOW HITPOINT WARNING * * *
The wraith drains your vigour!
You feel as though you will be slow longer.
The wraith hits you.
You die...

.. ........# #.#
#. #######.# .#
#. #.# .#
#.########.# .#
######........[.#
.#
........#########
.. #######.# #.#
#@# #W# #.# ..#
###


You could see a wraith.

Vanquished Creatures
  Pikel (D:5)
  A black bear (D:5)
  2 ogres (D:5)
  A bullfrog (D:6)
  A scorpion (D:5)
  A howler monkey (D:5)
  5 hounds (D:5)
  A jelly (D:5)
  An orc priest (D:5)
  Ijyb (D:5)
  Terence (D:2)
  2 iguanas (D:5)
  3 orc wizards (D:5)
  4 adders
  3 worms
  6 dart slugs
  23 orcs
  5 ball pythons
  6 bats
  7 endoplasms
  3 giant cockroaches
  6 goblins
  5 hobgoblins
  3 jackals (D:1)
  4 quokkas
  7 frilled lizards
  4 kobolds
  7 rats
114 creatures vanquished.

Notes
Turn   | Place    | Note
-------+----------+-------------------------------------------
     0 | D:1      | Ijustatesigmund the Octopode Venom Mage began the quest for
                  | the Orb.
     0 | D:1      | Reached XP level 1. HP: 11/11 MP: 3/3
   184 | D:1      | Reached XP level 2. HP: 18/18 MP: 5/5
   187 | D:1      | Learned a level 2 spell: Poisonous Vapours
   309 | D:1      | Reached skill level 1 in Fighting
   456 | D:1      | Reached skill level 4 in Poison Magic
   521 | D:1      | Reached XP level 3. HP: 22/23 MP: 3/6
   525 | D:1      | Learned a level 3 spell: Mephitic Cloud
   956 | D:1      | Reached skill level 1 in Air Magic
  1667 | D:2      | Reached skill level 1 in Conjurations
  1667 | D:2      | Reached XP level 4. HP: 21/28 MP: 1/7
  2143 | D:2      | Noticed Terence
  2153 | D:2      | Killed Terence
  2739 | D:3      | Found a broken altar of Ashenzari.
  3284 | D:3      | Reached XP level 5. HP: 28/33 MP: 6/9
  3812 | D:4      | Noticed Duvessa
  3812 | D:4      | Noticed an ogre
  3813 | D:4      | Noticed Dowan
  3982 | D:5      | Entered Level 5 of the Dungeon
  3985 | D:5      | Noticed Pikel
  3985 | D:5      | Noticed a lemure
  3985 | D:5      | Noticed a lemure
  3985 | D:5      | Noticed a lemure
  3985 | D:5      | Noticed a lemure
  3999 | D:5      | Killed Pikel
  4000 | D:5      | Reached skill level 6 in Poison Magic
  4000 | D:5      | Reached XP level 6. HP: 13/38 MP: 3/12
  4000 | D:5      | Reached XP level 7. HP: 15/43 MP: 3/13
  4263 | D:5      | Found Peshrodui's Antique Weapon Shop.
  4582 | D:6      | Learned a level 4 spell: Olgreb's Toxic Radiance
  4589 | D:5      | Reached XP level 8. HP: 34/48 MP: 2/14
  5120 | D:5      | Reached skill level 7 in Poison Magic
  5272 | D:5      | Noticed Ijyb
  5282 | D:5      | Killed Ijyb
  5287 | D:5      | Reached skill level 5 in Spellcasting
  5646 | D:5      | Identified the +2 robe of Dim Light {Contam Drain Str+3
                  | Dex+8}
  6135 | D:6      | Noticed a wraith
  6148 | D:6      | HP: 2/48 [wraith (5)]
  6148 | D:6      | Slain by a wraith

Illustrated notes

Levels and vault maps discovered:
D:1:      dpeg_arrival_tiny_d, layout_basic, minmay_cut_off
D:2:      layout_basic, minmay_tripent, uniq_terence
D:3:      layout_loops_ring, mainiacjoe_overflow_concentric_impassable,
          minmay_distorted
D:4:      cheibrodos_thug_alley, layout_basic, minmay_misc_feat_hallway,
          st_stairs_11, uniq_duvessa, uniq_eustachio, uniq_natasha
D:5:      kennysheep_six_static_rooms, layout_basic, serial_shops, shop_coins,
          uniq_pikel, uniq_ijyb
D:6:      layout_loops_ring, gammafunk_temple_overflow_forgotten

Skill      XL: |  1  2  3  4  5  6  7  8 |
---------------+-------------------------+-----
Fighting       | 1 |  1.1
Poison Magic   | 4 6 7 |  7.3
Air Magic      | 1 3 4 |  4.9
Conjurations   | 1 3 4 |  4.8
Spellcasting   | 4 5 |  5.2
Dodging        | |  2.0
Stealth        | |  2.6
Transmutations | |  1.0

Action                     |  1- 3 |  4- 6 |  7- 9 || total
---------------------------+-------+-------+-------++-------
  Melee: Whip              |    49 |    20 |       ||    69
         Tentacles         |    16 |    11 |    17 ||    44
         Unarmed           |     2 |       |       ||     2
         Constrict         |    13 |    12 |    19 ||    44
         Hand axe          |       |    38 |    51 ||    89
         Punch             |       |       |     3 ||     3
  Throw: Dart              |       |     4 |     4 ||     8
   Cast: Sting             |    13 |       |     2 ||    15
         Poisonous Vapours |    25 |    28 |    30 ||    83
         Olgreb's Toxic Ra |       |       |     7 ||     7
         Mephitic Cloud    |       |       |     1 ||     1
  Evoke: Wand              |       |       |     1 ||     1
    Use: Scroll            |       |    10 |     4 ||    14
         Potion            |       |     2 |     1 ||     3
   Stab: Sleeping          |     6 |       |       ||     6
 Armour: Skin              |     3 |     7 |     3 ||    13
  Dodge: Dodged            |    41 |    37 |    43 ||   121
  Block: Other             |       |       |     9 ||     9
